AoeStats
← elsalvadordelaoe

Arena

504138038Analyzed
4v4 RM · 27d ago on Sep 4, 2026· 52m 27s· 8 players
Game mode
Random Map
Map size
Large (8 player)
Population
200
Speed
Normal
Resources
Standard
Victory
Conquest
Starting age
Dark Age
Ending age
Imperial Age
RankedLock teamsTeams togetherTeam positionsShared explorationLock speedFull tech treeHidden civsTurbo modeCheats
Victory
Defeat
🇨🇴 Cumans · Colombia
1347
+15
🇵🇪 Italians · Peru
1339
+15
🇻🇳 Mapuche · Vietnam
1325
+16
🇨🇴 Malians · Colombia
1323
+16
🇪🇨 Teutons · Ecuador
1343
-16
🇪🇨 Bohemians · Ecuador
1332
-16
🇪🇨 Cumans · Ecuador
1312
-15
🇪🇨 Khmer · Ecuador
1310
-15
Tacris09
9:58 Loom
11:43 Feudal Age
11:12 Loom
15:22 Castle Age
13:38 Double-Bit Axe
13:36 Horse Collar
32:58 Imperial Age
31:18 Husbandry
31:29 Bloodlines
33:00 Scale Barding Armor
33:05 Forging
34:37 Wheelbarrow
34:03 Farimba
35:05 Chain Barding Armor
35:20 Iron Casting
35:57 Heavy Camel Rider
38:33 Light Cavalry
40:09 Plate Barding Armor
39:30 Fletching
39:39 Gold Mining
40:12 Tigui
42:21 Bodkin Arrow
43:44 Caravan
46:02 Padded Archer Armor
46:02 Scale Mail Armor
46:26 Ballistics
47:08 Chemistry
47:48 Hand Cart
47:19 Town Watch
47:58 Conscription
Cafernaun
10:01 Feudal Age
9:21 Loom
10:28 Double-Bit Axe
26:12 Horse Collar
30:44 Wheelbarrow
30:12 Gold Mining
35:06 Fletching
38:49 Castle Age
37:48 Stone Mining
39:32 Bodkin Arrow
39:53 Bow Saw
39:45 Heavy Plow
40:21 Gold Shaft Mining
42:31 Ballistics
42:07 Murder Holes
42:23 Masonry
43:06 Hand Cart
45:24 Imperial Age
43:41 Scale Barding Armor
43:49 Forging
43:20 Capped Ram
45:08 Hand Cart
45:28 Hand Cart
45:36 Scale Mail Armor
45:42 Siege Ram
47:11 Bloodlines
46:22 Light Cavalry
47:34 Chain Barding Armor
48:17 Two-Man Saw
47:49 Crop Rotation
47:56 Iron Casting
49:11 Chain Barding Armor
49:52 Blast Furnace
49:12 Hussar
51:17 Town Watch
52:10 Plate Barding Armor
52:42 Steppe Husbandry
53:03 Conscription
Valodimer
0:51 Loom
9:45 Feudal Age
11:56 Double-Bit Axe
13:41 Gold Mining
16:42 Castle Age
16:18 Horse Collar
18:28 Bow Saw
18:19 Heavy Plow
22:01 Fervor
22:08 Fletching
22:57 Bodkin Arrow
27:07 Padded Archer Armor
27:29 Ballistics
28:12 Leather Archer Armor
28:46 Gold Shaft Mining
28:02 Stone Mining
28:50 Wheelbarrow
30:14 Hand Cart
33:31 Imperial Age
33:06 Malon
34:20 Butalmapu
33:58 Elite Bolas Rider
36:15 Chemistry
36:50 Conscription
36:31 Town Watch
37:17 Crop Rotation
37:19 Ring Archer Armor
39:40 Siege Engineers
39:20 Treadmill Crane
39:50 Masonry
40:07 Town Patrol
42:39 Bombard Tower
42:30 Masonry
42:15 Murder Holes
44:17 Architecture
chr0rk
11:18 Feudal Age
12:57 Double-Bit Axe
15:52 Castle Age
14:02 Horse Collar
16:35 Loom
16:52 Fletching
17:47 Bow Saw
18:41 Ballistics
21:48 Bodkin Arrow
22:54 Padded Archer Armor
28:18 Gold Mining
32:44 Imperial Age
31:20 Leather Archer Armor
33:33 Bracer
34:35 Chemistry
35:03 Ring Archer Armor
36:38 Conscription
38:10 Wheelbarrow
40:29 Two-Man Saw
39:31 Heavy Plow
39:13 Elite Skirmisher
41:03 Elite Genoese Crossbowman
41:58 Pirotechnia
44:31 Hand Cart
51:38 Town Watch
52:25 Crop Rotation
gabaleage
10:13 Feudal Age
13:38 Castle Age
12:11 Double-Bit Axe
12:08 Horse Collar
18:33 Wheelbarrow
19:04 Bow Saw
19:52 Heavy Plow
26:18 Imperial Age
24:30 Gold Mining
25:02 Stone Mining
26:45 Gold Shaft Mining
26:46 Stone Shaft Mining
26:02 Loom
26:39 Hand Cart
27:54 Bloodlines
27:44 Husbandry
27:52 Scale Barding Armor
28:43 Crop Rotation
31:41 Double Crossbow
35:55 Elite Ballista Elephant
36:57 Chain Barding Armor
36:41 Devotion
38:03 Chemistry
37:00 Murder Holes
37:12 Siege Engineers
40:03 Plate Barding Armor
40:08 Forging
39:59 Scale Mail Armor
39:52 Pikeman
40:57 Halberdier
42:18 Iron Casting
42:11 Arson
44:56 Blast Furnace
44:12 Chain Mail Armor
46:15 Onager
48:41 Heavy Scorpion
elpanditm
8:52 Feudal Age
9:25 Double-Bit Axe
9:28 Horse Collar
15:07 Wheelbarrow
19:27 Castle Age
17:40 Gold Mining
18:04 Scale Barding Armor
19:01 Forging
20:05 Bloodlines
20:35 Chain Barding Armor
21:01 Capped Ram
27:05 Gold Shaft Mining
29:15 Bow Saw
29:07 Heavy Plow
28:54 Town Watch
30:55 Hand Cart
32:50 Loom
35:59 Imperial Age
33:01 Light Cavalry
33:48 Stone Mining
34:21 Fletching
34:31 Padded Archer Armor
34:17 Elite Skirmisher
35:02 Thumb Ring
35:36 Iron Casting
35:29 Bodkin Arrow
36:24 Ballistics
36:48 Leather Archer Armor
37:10 Iron Casting
37:45 Chemistry
37:02 Hussar
38:05 Siege Ram
39:53 Ring Archer Armor
39:57 Conscription
39:34 Onager
40:57 Masonry
43:01 Two-Man Saw
43:06 Hoardings
46:30 Cavalier
46:53 Siege Onager
49:31 Plate Barding Armor
49:57 Blast Furnace
elsalvadordelaoe
6:11 Loom
8:58 Feudal Age
10:17 Double-Bit Axe
13:17 Fletching
17:22 Horse Collar
23:57 Gold Mining
30:45 Castle Age
28:38 Stone Mining
30:24 Wheelbarrow
33:23 Hand Cart
33:25 Bow Saw
33:19 Heavy Plow
33:22 Scale Mail Armor
33:32 Forging
33:17 Town Watch
33:47 Elite Skirmisher
37:20 Imperial Age
35:40 Bodkin Arrow
35:47 Padded Archer Armor
37:17 Leather Archer Armor
37:27 Chain Mail Armor
38:36 Ring Archer Armor
39:36 Chemistry
41:10 Squires
40:30 Pikeman
41:40 Ballistics
42:50 Halberdier
48:40 Iron Casting
48:36 Plate Mail Armor
edukratos23
10:50 Feudal Age
14:27 Castle Age
13:14 Double-Bit Axe
13:36 Horse Collar
17:23 Chemistry
17:03 Bow Saw
18:37 Heavy Plow
21:03 Loom
21:57 Wheelbarrow
28:47 Fletching
28:58 Padded Archer Armor
29:46 Elite Skirmisher
35:24 Imperial Age
34:50 Elite Skirmisher
35:26 Town Watch
37:51 Bodkin Arrow
38:55 Bracer
39:10 Leather Archer Armor
38:56 Pikeman
40:42 Forging
40:41 Halberdier
44:06 Iron Casting
48:56 Hand Cart
Connection lost

Rejoining the realm…

Still unreachable

The connection could not be restored.

Session expired

The server has moved on; the page needs a fresh start.